 Dungeon Sprint DCSS version 0.18-a0-1782-gb76a692 (webtiles) character file.

50921 Kidiri the Tortoise (level 14, -1/98 HPs)
             Began as a Gargoyle Fighter on Apr 17, 2016.
             Was a High Priest of Okawaru.
             Slain by a stone giant (23 damage)
             ... in the Dungeon (Sprint IX: "|||||||||||||||||||||||||||||").
             The game lasted 00:22:16 (5648 turns).

Kidiri the Tortoise (Gargoyle Fighter)              Turns: 5648, Time: 00:22:17

Health: -1/98      AC: 49    Str: 25    XL:     14   Next: 57%
Magic:  25/25      EV: 11    Int: 11    God:    Okawaru [*****.]
Gold:   1743       SH: 20    Dex:  9    Spells: 0 memorised, 13 levels left

rFire  . . .     SeeInvis .     G - +7 flail of Fopsam {crush, rPois}
rCold  + . .     Gourm    .     M - +0 storm dragon armour
rNeg   + + .     Faith    .     c - +2 shield
rPois  ∞         Spirit   .     B - +2 helmet
rElec  +         Dismiss  .     q - +2 cloak
rCorr  .         Reflect  .     J - +1 pair of gloves of Piet {rN+ Regen+}
SustAt .         Harm     .     (no boots)
MR     +....     NoTele   +     (no amulet)
Stlth  ..........               s - +2 ring of protection
                                D - +3 ring of protection

@: heroism, somewhat resistant to hostile enchantments, extremely unstealthy
A: big wings, thin metallic scales 1, blurry vision 1, clever 1, cold resistance
1, negative energy resistance 1, screaming 1, electricity resistance,
unbreathing, petrification resistance, rot immunity, MP-powered wands, AC +9
a: Fly, Heroism, Finesse, Renounce Religion


You were in the Dungeon.
You worshipped Okawaru.
Okawaru was extremely pleased with you.
You were very full.

You visited 1 branch You collected 1906 gold pieces.
You spent 163 gold pieces at shops.

Inventory:

Hand Weapons
 x - a +0 mace of holy wrath
 G - the +7 flail of Fopsam (weapon) {crush, rPois}
   (You found it in the Dungeon)

   It inflicts extra damage upon your enemies.
   It protects you from poison.
Missiles
 j - 11 silver javelins (quivered)
 t - 4 javelins
 y - 2 tomahawks of returning
Armour
 c - a +2 shield (worn)
 q - a +2 cloak (worn)
 B - a +2 helmet (worn)
 J - the +1 pair of gloves of Piet (worn) {rN+ Regen+}
   (Okawaru gifted it to you in the Dungeon)

   It protects you from negative energy.
   It increases your rate of regeneration.
 M - a +0 storm dragon armour (worn)
Jewellery
 s - a +2 ring of protection (right hand)
 D - a +3 ring of protection (left hand)
Wands
 p - a wand of iceblast (3/15)
Scrolls
 k - a scroll of blinking
 n - 5 scrolls of remove curse
 o - 2 scrolls of amnesia
 u - a scroll of identify
 v - a scroll of fear
 I - 2 scrolls of enchant weapon
Potions
 b - 2 potions of cure mutation
 d - a potion of might
 e - 4 potions of curing
 f - a potion of brilliance
 h - 2 potions of haste
 i - 4 potions of magic
 l - 2 potions of berserk rage
 m - a potion of invisibility
 z - a potion of ambrosia
 C - 2 potions of degeneration {unknown}
Comestibles
 r - 13 bread rations
 w - 12 meat rations
 A - 23 fruits


   Skills:
 + Level 15.5(20.5) Fighting
 + Level 14.4(19.4) Maces & Flails
 + Level 4.9(9.9) Throwing
 * Level 20.7(25.7) Armour
 * Level 20.7(25.7) Shields
 + Level 14.8 Invocations
 + Level 12.7 Evocations


You had 13 spell levels left.
You didn't know any spells.

Dungeon Overview and Level Annotations

Branches:
Dungeon (1/1)

Altars:
Cheibriados
Dithmenos
Elyvilon
Fedhas
Gozag
Kikubaaqudgha
Makhleb
Nemelex Xobeh
Okawaru
Pakellas
Qazlal
Ru
Sif Muna
Trog
Vehumet
Xom
Yredelemnul
Zin
The Shining One
Beogh
Jiyva
Lugonu

Shops:
D (?((


Innate Abilities, Weirdness & Mutations

You are resistant to torment.
Your stone body is resilient (AC +9).
You are immune to poison.
Your large and strong wings let you fly indefinitely.
You resist negative energy.
You are resistant to electric shocks.
You can survive without breathing.
You are immune to petrification.
You are immune to rotting.
You are partially covered in thin metallic scales (AC +2).
Scrolls take you a little longer to read.
Your mind is acute. (Int +2)
Your flesh is cold resistant.
You occasionally shout uncontrollably at your foes.
You expend magic power (3 MP) to strengthen your wands.


Message History

The green ugly thing is heavily wounded.
The green ugly thing closely misses you.
You hit the green ugly thing.
The green ugly thing is heavily wounded.
You block the green ugly thing's attack.
You sock the green ugly thing!
The green ugly thing is almost dead.
You hit the green ugly thing.
The green ugly thing is almost dead.
You block the green ugly thing's attack.
You sock the green ugly thing!
You kill the green ugly thing!
Okawaru accepts your kill. You block the stone giant's attack.
You see here an ugly thing corpse.
Unknown command.
You hit the stone giant.
The stone giant is lightly wounded.
The stone giant hits you!!
You die...

.▓.▓)▓.▓)▓.♣.♣.▓(▓
.▓.▓)▓.▓)▓.♣.♣.▓(▓
.▓.▓)▓.▓.▓.♣.♣.▓)▓
'▓.▓.▓.▓)▓.♣.♣.▓)▓
.▓.▓.▓.▓)▓.♣.♣.▓.▓
.▓.▓.▓.▓.▓.♣.♣.▓.▓
.▓.▓.▓.▓.▓.♣.♣.▓†▓
.▓.▓.▓.▓.▓.▓'▓.▓)▓
.▓.▓.▓.▓.▓.▓.▓.▓@▓
.▓.▓'▓.▓.▓.▓.▓.▓C▓
.▓.▓)▓.▓.▓.▓.▓.▓u▓
.▓.▓)▓.▓.▓.▓.▓.▓.▓
.▓.▓)▓.▓.▓.▓.▓.▓.▓
'▓.▓)▓.▓[▓.▓.▓.▓.▓
.▓.▓)▓.▓.▓.▓.▓.▓.▓
.▓.▓.▓.▓.▓.▓.▓.▓.▓
.▓.▓)▓.▓.▓.▓.▓.▓


You could see a white very ugly thing and a stone giant.

Vanquished Creatures
  A tentacled monstrosity (D)
  A lich (D)
  A quicksilver dragon (D)
  A sphinx (D)
  A greater naga (D)
  Wiglaf (D)
  2 stone giants (D)
  Azrael (D)
  A yaktaur captain (D)
  A merfolk javelineer (D)
  A fire dragon (D)
  An ettin (D)
  A great orb of eyes (D)
  Josephine (D)
  A spriggan air mage (D)
  A hydra (D)
  An entropy weaver (D)
  5 centaur warriors (D)
  A ghost crab (D)
  7 ogre magi (D)
  An alligator (D)
  A tengu warrior (D)
  An orc high priest (D)
  A deep troll earth mage (D)
  A naga sharpshooter (D)
  Urug (D)
  A hell knight (D)
  A spriggan (D)
  An unseen horror (D)
  A giant orange brain (D)
  2 sea snakes (D)
  A wizard (D)
  A naga ritualist (D)
  2 orc knights (D)
  A hill giant (D)
  2 ugly things (D)
  A wolf spider (D)
  An oklob plant (D)
  2 orc sorcerers (D)
  A manticore (D)
  A griffon (D)
  An elephant (D)
  2 water nymphs (D)
  2 naga magi (D)
  Joseph (D)
  A black mamba (D)
  A guardian serpent (D)
  2 spiny frogs (D)
  A torpor snail (D)
  A demonic crawler (D)
  2 merfolk (D)
  3 giant leeches (D)
  2 jumping spiders (D)
  4 two-headed ogres (D)
  3 blink frogs (D)
  A bog body (D)
  A water elemental (D)
  A tarantella (shapeshifter) (D)
  5 wraiths (D)
  4 redbacks (D)
  A vampire (D)
  2 fire elementals (D)
  A yak (D)
  A hippogriff (D)
  A hungry ghost (D)
  2 vampire mosquitoes (D)
  A soldier ant (D)
  2 nagas (D)
  2 water moccasins (D)
  3 hell hounds (D)
  3 porcupines (D)
  9 orc warriors (D)
  4 ogres (D)
  A phantom (D)
  2 wasps (D)
  2 boggarts (D)
  5 crocodiles (D)
  A howler monkey (D)
  5 orc priests (D)
  3 iguanas (D)
  2 orc wizards (D)
  2 sheep (D)
  An adder (D)
  A shadow imp (D)
  An adder zombie (D)
  An adder skeleton (D)
  A dart slug (D)
  6 orcs (D)
  2 hobgoblins (D)
  A bat (D)
  A giant gecko zombie (D)
  A kobold (D)
  A quokka simulacrum (D)
166 creatures vanquished.

Vanquished Creatures (others)
  A hornet (D)
  A giant leech (D)
  A blink frog (D)
3 creatures vanquished.

Grand Total: 169 creatures vanquished

Notes
Turn   | Place    | Note
--------------------------------------------------------------
     0 | D        | Kidiri the Gargoyle Fighter began the quest for the Orb.
     0 | D        | Reached XP level 1. HP: 14/14 MP: 1/1
    29 | D        | Reached XP level 2. HP: 20/20 MP: 2/2
   144 | D        | Noticed a howler monkey
   159 | D        | Killed a howler monkey
   159 | D        | Reached skill level 5 in Armour
   159 | D        | Reached skill level 5 in Shields
   159 | D        | Reached XP level 3. HP: 17/24 MP: 3/3
   173 | D        | Reached XP level 4. HP: 14/30 MP: 4/4
   177 | D        | Reached skill level 5 in Fighting
   185 | D        | Found a glowing silver altar of Zin.
   185 | D        | Found a glowing golden altar of the Shining One.
   185 | D        | Found an ancient bone altar of Kikubaaqudgha.
   185 | D        | Found a basalt altar of Yredelemnul.
   185 | D        | Found a shimmering altar of Xom.
   185 | D        | Found a radiant altar of Vehumet.
   186 | D        | Found an iron altar of Okawaru.
   187 | D        | Found a burning altar of Makhleb.
   188 | D        | Found a deep blue altar of Sif Muna.
   189 | D        | Found a bloodstained altar of Trog.
   190 | D        | Found a sparkling altar of Nemelex Xobeh.
   191 | D        | Found a white marble altar of Elyvilon.
   192 | D        | Found a roughly hewn altar of Beogh.
   193 | D        | Found a viscous altar of Jiyva.
   194 | D        | Became a worshipper of Warmaster Okawaru
   195 | D        | Found a corrupted altar of Lugonu.
   196 | D        | Found a blossoming altar of Fedhas.
   197 | D        | Found a snail-covered altar of Cheibriados.
   198 | D        | Found a shadowy altar of Dithmenos.
   199 | D        | Found a stormy altar of Qazlal.
   200 | D        | Found an opulent altar of Gozag.
   201 | D        | Found a sacrificial altar of Ru.
   202 | D        | Found an oddly glowing altar of Pakellas.
   491 | D        | Noticed an orc warrior
   491 | D        | Noticed a wasp
   491 | D        | Noticed a two-headed ogre
   502 | D        | Killed an orc warrior
   502 | D        | Reached XP level 5. HP: 30/36 MP: 4/6
   778 | D        | Killed a wasp
   778 | D        | Reached * piety under Okawaru
   778 | D        | Reached skill level 5 in Maces & Flails
   778 | D        | Reached XP level 6. HP: 34/41 MP: 8/8
   800 | D        | Killed a two-headed ogre
   800 | D        | Reached XP level 7. HP: 43/47 MP: 6/10
   910 | D        | Noticed a hill giant
   910 | D        | Noticed a centaur warrior
   910 | D        | Noticed a centaur warrior
   918 | D        | Killed a hill giant
   918 | D        | Reached skill level 10 in Armour
   918 | D        | Reached skill level 10 in Shields
   918 | D        | Reached skill level 5 in Invocations
   918 | D        | Reached XP level 8. HP: 54/54 MP: 8/12
   931 | D        | Killed a centaur warrior
   931 | D        | Reached ** piety under Okawaru
   931 | D        | Reached skill level 5 in Evocations
   939 | D        | Killed an unseen horror
   939 | D        | Reached *** piety under Okawaru
   939 | D        | Reached XP level 9. HP: 41/60 MP: 11/14
   973 | D        | Killed a centaur warrior
   973 | D        | Reached **** piety under Okawaru
  1382 | D        | Noticed a spiny frog
  1382 | D        | Noticed an oklob plant
  1382 | D        | Noticed an elephant
  1402 | D        | Killed a spiny frog
  1402 | D        | Reached XP level 10. HP: 17/67 MP: 14/16
  1747 | D        | Killed an oklob plant
  1762 | D        | Reached skill level 10 in Fighting
  1781 | D        | Killed an elephant
  1781 | D        | Reached ***** piety under Okawaru
  1821 | D        | Noticed a spiny frog
  1830 | D        | Killed a spiny frog
  1936 | D        | Received a gift from Okawaru
  2295 | D        | Noticed an orc knight
  2296 | D        | Noticed an orc sorcerer
  2309 | D        | Reached XP level 11. HP: 73/73 MP: 11/18
  2310 | D        | Noticed an orc sorcerer
  2339 | D        | Killed an orc knight
  2340 | D        | Noticed a sixfirhy
  2347 | D        | Reached skill level 10 in Maces & Flails
  2361 | D        | Killed an orc sorcerer
  2369 | D        | Killed an orc sorcerer
  2558 | D        | Noticed an orc high priest
  2582 | D        | Reached skill level 10 in Invocations
  2583 | D        | Noticed an orc knight
  2628 | D        | Killed an orc high priest
  2628 | D        | Reached skill level 15 in Armour
  2628 | D        | Reached skill level 15 in Shields
  2654 | D        | Killed an orc knight
  2881 | D        | Found Oveups's Antique Weapon Emporium.
  2881 | D        | Noticed an ogre mage
  2881 | D        | Noticed an ogre mage
  2888 | D        | Found Viog's Magic Scroll Shoppe.
  2897 | D        | Noticed an ogre mage
  2900 | D        | Killed an ogre mage
  2903 | D        | Noticed an ogre mage
  2906 | D        | Killed an ogre mage
  2911 | D        | Found Zukunk's Antique Weapon Emporium.
  2929 | D        | Killed an ogre mage
  2938 | D        | Noticed an ogre mage
  2951 | D        | Killed an ogre mage
  2951 | D        | Received a gift from Okawaru
  2951 | D        | Reached XP level 12. HP: 28/81 MP: 18/20
  2974 | D        | Killed an ogre mage
  2986 | D        | Found Telecvudaz's Antique Weapon Shoppe.
  2993 | D        | Noticed an ogre mage
  3023 | D        | Killed an ogre mage
  3080 | D        | Bought a scroll of enchant armour for 82 gold pieces
  3102 | D        | Bought a runed mace for 81 gold pieces
  3228 | D        | Noticed Urug
  3258 | D        | Killed Urug
  3263 | D        | Noticed Joseph
  3264 | D        | Noticed Josephine
  3291 | D        | Killed Josephine
  3312 | D        | Killed Joseph
  3312 | D        | Reached skill level 10 in Evocations
  3604 | D        | Got the +7 flail of Fopsam {crush, rPois}
  3690 | D        | Got the +2 robe of the Tick {rF+ MR+ Int-2}
  3889 | D        | Noticed an ogre mage
  3903 | D        | Noticed a centaur warrior
  3909 | D        | Noticed a stone giant
  3911 | D        | Killed an ogre mage
  3912 | D        | Noticed an ettin
  3920 | D        | Noticed a lich
  3929 | D        | Noticed a fire dragon
  3951 | D        | Killed a stone giant
  3952 | D        | Noticed a yaktaur captain
  3964 | D        | Noticed a green death
  3978 | D        | Noticed a green death
  3986 | D        | Killed a lich
  3991 | D        | Killed a centaur warrior
  3995 | D        | Killed an ettin
  4006 | D        | Killed a fire dragon
  4006 | D        | Reached XP level 13. HP: 50/88 MP: 17/22
  4017 | D        | Killed a yaktaur captain
  4017 | D        | Received a gift from Okawaru
  4063 | D        | Got a pair of polished gloves {god gift}
  4074 | D        | Identified the +1 pair of gloves of Piet {rN+ Regen+} (Okawaru gifted it to you in the Dungeon)
  4081 | D        | Gained mutation: Your mind is acute. (Int +2) [mutagenic meat]
  4082 | D        | Gained mutation: You occasionally shout uncontrollably at your foes. [mutagenic meat]
  4083 | D        | Gained mutation: Scrolls take you a little longer to read. [mutagenic meat]
  4157 | D        | Noticed Wiglaf
  4182 | D        | Killed Wiglaf
  4425 | D        | Noticed a merfolk javelineer
  4436 | D        | Killed a merfolk javelineer
  5010 | D        | Noticed a greater naga
  5027 | D        | Killed a greater naga
  5052 | D        | Received a gift from Okawaru
  5074 | D        | Gained mutation: Your flesh is cold resistant. [mutagenic meat]
  5075 | D        | Gained mutation: You are partially covered in thin metallic scales (AC +2). [mutagenic meat]
  5076 | D        | Gained mutation: You expend magic power (3 MP) to strengthen your wands. [mutagenic meat]
  5225 | D        | Noticed Azrael
  5243 | D        | Killed Azrael
  5243 | D        | Reached skill level 1 in Throwing
  5249 | D        | Gained mutation: Your large and strong wings let you fly indefinitely. [Gargoyle growth]
  5249 | D        | Reached XP level 14. HP: 54/96 MP: 21/24
  5389 | D        | Noticed a stone giant
  5389 | D        | Noticed a tentacled monstrosity
  5401 | D        | Killed a stone giant
  5401 | D        | Received a gift from Okawaru
  5402 | D        | Noticed a quicksilver dragon
  5411 | D        | Killed a tentacled monstrosity
  5411 | D        | Received a gift from Okawaru
  5415 | D        | Reached skill level 15 in Fighting
  5438 | D        | Killed a quicksilver dragon
  5447 | D        | Noticed a sphinx
  5466 | D        | Noticed a stone giant
  5496 | D        | Noticed a white very ugly thing
  5638 | D        | Killed a sphinx
  5648 | D        | Slain by a stone giant

Vault maps used:
D:        linesprint

Skill      XL: |  1  2  3  4  5  6  7  8  9 10 11 12 13 14 |
---------------+-------------------------------------------+-----
Armour         | 4 5 6 7 8 9 10 11 13 14 16 17 19 20 | 20.7
Fighting       | 4 5 6 7 8 9 10 12 13 14 15 | 15.5
Maces & Flails | 3 4 5 6 7 8 9 11 12 13 14 | 14.4
Shields        | 5 6 7 8 9 10 11 13 14 16 17 19 20 | 20.7
Invocations    | 2 3 4 5 6 8 9 11 12 13 14 | 14.8
Evocations     | 2 3 4 5 6 8 9 10 12 | 12.7
Throwing       | 1 4 |  4.9

Action                   |  1- 3 |  4- 6 |  7- 9 | 10-12 | 13-15 || total
-------------------------+-------+-------+-------+-------+-------++-------
Melee: Flail             |    53 |    56 |   168 |   565 |   464 ||  1306
       Mace              |       |       |       |   100 |       ||   100
Throw: Throwing net      |       |       |       |       |     1 ||     1
Invok: Heroism           |       |     1 |     2 |    12 |     8 ||    23
       Finesse           |       |       |       |    10 |     8 ||    18
 Abil: Fly               |       |       |       |       |     1 ||     1
       Stop Flying       |       |       |       |       |     1 ||     1
Evoke: Wand              |       |       |       |       |     4 ||     4
  Use: Potion            |       |     1 |       |     2 |     7 ||    10
       Scroll            |       |     1 |     4 |     4 |       ||     9
 Stab: Held in net/web   |       |       |       |       |     2 ||     2
  Eat: Bread ration      |       |       |     1 |       |       ||     1
       Chunk             |       |       |       |     8 |     7 ||    15
       Fruit             |       |       |       |    11 |    11 ||    22
Armor: Scale mail        |    33 |     1 |       |       |       ||    34
       Chain mail        |       |    27 |    53 |    91 |       ||   171
       Storm dragon armo |       |       |       |    25 |   123 ||   148
Dodge: Dodged            |    16 |    24 |    24 |    64 |    43 ||   171
Block: Shield            |    33 |    28 |    96 |   218 |   194 ||   569
